 Dungeon Crawl Stone Soup version 0.17.1-3-g152610e (webtiles) character file.

13249 Metrazal the Covert (level 11, -3/49 HPs)
             Began as a Spriggan Assassin on Mar 17, 2016.
             Was a Priest of Elyvilon.
             Slain by a manticore (10 damage)
             ... on level 12 of the Dungeon on Mar 18, 2016.
             The game lasted 01:47:00 (14880 turns).

Metrazal the Covert (Spriggan Assassin)            Turns: 14880, Time: 01:47:01

Health: -3/49      AC: 11    Str:  7    XL:     11   Next: 73%
Magic:  8/12       EV: 31    Int: 17    God:    Elyvilon [***...]
Gold:   488        SH:  0    Dex: 21    Spells: 1 memorised, 8 levels left

rFire  + . .     SeeInvis +     a - +8 dagger (protect)
rCold  . . .     Clarity  .     y - +2 robe {rF+}
rNeg   + . .     SustAt   .     (shield restricted)
rPois  +         Gourm    .     (helmet restricted)
rElec  .         Spirit   .     H - +1 cloak
rCorr  .         Warding  +     (gloves unavailable)
rMut   .         Stasis   .     (boots unavailable)
MR     +....                    r - amulet of warding
Stlth  +++++++...               m - +4 ring of intelligence
                                k - ring of poison resistance

@: very quick, somewhat resistant to hostile enchantments, extremely stealthy
A: unfitting armour, see invisible, herbivore 3, speed 3, slow metabolism 2
a: Lesser Healing, Heal Other, Purification, Divine Protection, Renounce
Religion


You were on level 12 of the Dungeon.
You worshipped Elyvilon.
Elyvilon was most pleased with you.
You were not hungry.

You visited 2 branches of the dungeon, and saw 13 of its levels.
You also visited: Ossuary.

You collected 600 gold pieces.
You spent 112 gold pieces at shops.

Inventory:

Hand Weapons
 a - a +8 dagger of protection (weapon)
 b - a +0 blowgun
 c - a +0 hunting sling
 d - a +0 shortbow
 v - a +2 dagger of venom
Missiles
 e - 46 poisoned needles
 f - 2 curare-tipped needles
 h - 79 sling bullets
 i - 341 stones (quivered)
 n - 181 arrows
 L - 10 sling bullets of frost
 O - 3 needles of confusion
 P - 18 sling bullets of flame
Armour
 y - a +2 robe of fire resistance (worn)
 H - a +1 cloak (worn)
Jewellery
 j - an uncursed amulet of stasis
 k - a ring of poison resistance (left hand)
 m - a +4 ring of intelligence (right hand)
 r - an amulet of warding (around neck)
 F - an uncursed ring of ice
Scrolls
 l - 8 scrolls of remove curse
 s - 3 scrolls of magic mapping
 w - 2 scrolls of identify
 E - 6 scrolls of teleportation
 I - 2 scrolls of amnesia
 N - a scroll of holy word
Potions
 o - a potion of mutation {unknown}
 p - 4 potions of agility
 q - 2 potions of heal wounds {unknown}
 t - 2 potions of poison {unknown}
 u - 4 potions of might {unknown}
 x - 3 potions of resistance
 z - 2 potions of berserk rage {unknown}
 A - a potion of lignification {unknown}
 B - 2 potions of brilliance {unknown}
 C - 2 potions of flight {unknown}
 D - 4 potions of curing
 G - a potion of cure mutation {unknown}
 J - a potion of cancellation {unknown}
 Q - a potion of invisibility
Comestibles
 g - 10 bread rations
 K - 2 slices of pizza
 M - 8 fruits


   Skills:
 - Level 1.5 Fighting
 + Level 10.1 Short Blades
 + Level 10.2(10.3) Slings
 + Level 7.8 Bows
 - Level 2.0(5.8) Throwing
 + Level 12.7 Dodging
 + Level 14.3 Stealth


You had 8 spell levels left.
You knew the following spells:

 Your Spells              Type           Power        Failure   Level  Hunger
a - Blink                 Tloc           N/A          34%         2    ###....


Dungeon Overview and Level Annotations

Branches:
Dungeon (12/15)            Temple (1/1) D:6            Lair (0/8) D:11
    Orc: D:9-12

Altars:
Cheibriados
Dithmenos
Elyvilon
Gozag
Kikubaaqudgha
Makhleb
Qazlal
Ru
Sif Muna
Trog
Vehumet
Xom
Yredelemnul
Zin
The Shining One

Shops:
D:10 **


Innate Abilities, Weirdness & Mutations

You are tiny and cannot use many weapons and most armour.
You have supernaturally acute eyesight.
You are a herbivore.
You cover ground extremely quickly.
You need consume almost no food.


Message History

* * * LOW HITPOINT WARNING * * *
The manticore closely misses you.
You are healed.
You feel somewhat more hungry. The manticore barely misses you.
The manticore completely misses you. The manticore claws you!
* * * LOW HITPOINT WARNING * * *
You are healed.
You feel somewhat more hungry. The manticore bites you.
* * * LOW HITPOINT WARNING * * *
The manticore barely misses you.
The manticore claws you but does no damage.
You hit the manticore.
The manticore is almost dead.
You hit the manticore but do no damage.
The manticore is almost dead.
The manticore misses you. The manticore claws you.
* * * LOW HITPOINT WARNING * * *
The manticore claws you.
* * * LOW HITPOINT WARNING * * *
The orc priest looks braver for a moment.
You are healed.
You feel somewhat more hungry. The manticore bites you!
You die...

...####.# #..#..#..#.....#
......#.#
##...###...###...
≈≈≈≈≈.#.# ##.#####.## ..)#
≈≈≈≈≈...####....<#...##
###
≈≈≈≈≈........#..#..#..##.#
≈≈≈≈≈..###..###...###....
.......# ##..#..#..#..#
.≈≈≈≈..# ##...###oo.#####
.≈≈≈≈..# ###..@Hooo.....
.≈≈≈≈..# ######o......
.≈≈≈≈..# ....(.. .≈≈≈≈.)#
....... .......# ###...o
##...[.# #... #######


o.o #o You could see a manticore, 2 orc priests and 4 orcs.

Vanquished Creatures
  Erolcha (D:9)
  An unseen horror (D:10)
  3 hill giants
  Pikel (D:5)
  A cyclops (D:11)
  An ugly thing (D:11)
  Maurice (D:8)
  2 centaur skeletons (D:10)
  A two-headed ogre (D:11)
  Grinder (D:5)
  A basilisk (D:11)
  A wyvern (D:11)
  5 yaks (D:9)
  3 hippogriffs
  Grum (D:11)
  4 wolves (D:11)
  2 hungry ghosts
  2 water moccasins
  A human (D:7)
  2 phantoms
  2 necrophages
  An orc warrior (D:10)
  A sky beast (D:9)
  7 ogres
  6 scorpions
  2 ice beasts
  A crocodile (D:11)
  5 centaurs
  A gnoll sergeant (D:11)
  7 giant frogs
  3 water moccasin zombies (Ossuary)
  12 killer bees
  7 hounds
  10 wights
  2 giant frog skeletons (D:11)
  3 quasits
  2 crimson imps
  2 jellies
  3 iguanas
  12 orc priests
  9 orc wizards
  2 gnoll shamans (D:9)
  4 sheep (D:7)
  4 worker ants
  3 big kobold zombies (Ossuary)
  2 mummies (Ossuary)
  2 worker ant zombies
  18 adders
  25 gnolls
  3 shadow imps
  An ooze (D:3)
  4 worms
  2 adder zombies (Ossuary)
  5 giant geckos
  49 orcs
  A ball python (D:4)
  2 gnoll zombies (Ossuary)
  7 goblins
  5 hobgoblins
  2 jackals (D:4)
  6 kobolds
  2 quokkas
  7 bats
  9 giant cockroaches
  2 giant newts (D:3)
  9 hobgoblin zombies (Ossuary)
  6 kobold zombies (Ossuary)
  3 orc zombies (Ossuary)
  3 quokka zombies
  5 rats
  A bush (D:11)
  2 butterflies (D:6)
329 creatures vanquished.

Vanquished Creatures (others)
  A human (D:9)
  2 slaves (D:5)
  An orc wizard (D:5)
  A hound skeleton (D:5)
  A shadow imp (D:5)
  An ooze (D:5)
  2 orcs (D:5)
  A giant cockroach (D:5)
  A giant newt (D:5)
  A kobold zombie (Ossuary)
12 creatures vanquished.

Grand Total: 341 creatures vanquished

Notes
Turn   | Place    | Note
--------------------------------------------------------------
     0 | D:1      | Metrazal the Spriggan Assassin began the quest for the Orb.
     0 | D:1      | Reached XP level 1. HP: 10/10 MP: 2/2
   223 | D:1      | Reached skill level 6 in Stealth
   230 | D:1      | Reached XP level 2. HP: 12/14 MP: 3/3
   797 | D:2      | Reached XP level 3. HP: 18/18 MP: 4/4
  1027 | D:2      | Found a burning altar of Makhleb.
  1335 | D:2      | Reached XP level 4. HP: 13/22 MP: 5/5
  1761 | D:3      | Reached skill level 7 in Stealth
  1847 | D:3      | Reached XP level 5. HP: 25/25 MP: 6/6
  1880 | D:3      | Reached skill level 5 in Dodging
  2317 | D:3      | Learned a level 2 spell: Blink
  2366 | D:4      | Reached skill level 1 in Slings
  2437 | D:4      | Found a basalt altar of Yredelemnul.
  2471 | D:4      | Reached XP level 6. HP: 21/30 MP: 7/7
  3599 | D:4      | Reached skill level 8 in Stealth
  3788 | D:5      | Entered Level 5 of the Dungeon
  3855 | D:5      | Found a sand-covered staircase.
  3875 | Ossuary  | Entered an ossuary
  4317 | Ossuary  | Reached XP level 7. HP: 33/33 MP: 8/8
  4736 | D:5      | Noticed Pikel
  4759 | D:5      | Killed Pikel
  4759 | D:5      | Reached skill level 5 in Short Blades
  4759 | D:5      | Reached skill level 5 in Slings
  4759 | D:5      | Reached skill level 9 in Stealth
  4759 | D:5      | Reached XP level 8. HP: 29/37 MP: 9/9
  4895 | D:5      | Found a snail-covered altar of Cheibriados.
  5294 | D:5      | Reached skill level 10 in Stealth
  5427 | D:5      | Noticed Grinder
  5429 | D:5      | Killed Grinder
  5943 | D:5      | Found a bloodstained altar of Trog.
  5943 | D:5      | Found a stormy altar of Qazlal.
  5943 | D:5      | Found a shimmering altar of Xom.
  6333 | D:6      | Reached skill level 11 in Stealth
  6530 | D:6      | Reached XP level 9. HP: 41/41 MP: 10/10
  7009 | D:6      | Found a staircase to the Ecumenical Temple.
  7018 | Temple   | Entered the Ecumenical Temple
  7027 | Temple   | Became a worshipper of Elyvilon the Healer
  7319 | D:7      | Found an ancient bone altar of Kikubaaqudgha.
  7339 | D:7      | Found a sacrificial altar of Ru.
  7343 | D:7      | Found a deep blue altar of Sif Muna.
  7345 | D:7      | Found a radiant altar of Vehumet.
  7483 | D:7      | Reached * piety under Elyvilon
  7686 | D:7      | Reached skill level 1 in Bows
  8022 | D:8      | Reached skill level 10 in Dodging
  8029 | D:8      | Noticed Maurice
  8036 | D:8      | Killed Maurice
  8036 | D:8      | Reached skill level 12 in Stealth
  8765 | D:9      | Reached XP level 10. HP: 46/46 MP: 11/11
  9130 | D:9      | Found an ancient bone altar of Kikubaaqudgha.
  9276 | D:9      | Noticed Erolcha
  9332 | D:9      | Killed Erolcha
  9602 | D:9      | Found an opulent altar of Gozag.
  9603 | D:9      | Found a glowing silver altar of Zin.
  9693 | D:9      | Reached skill level 5 in Bows
 10058 | D:9      | Reached ** piety under Elyvilon
 10083 | D:9      | Found a glowing golden altar of the Shining One.
 10121 | D:9      | Reached skill level 13 in Stealth
 10331 | D:10     | Entered Level 10 of the Dungeon
 10765 | D:10     | Found Azxaelam's Elemental Accessories.
 10931 | D:10     | Noticed an unseen horror
 10933 | D:10     | Found Wexugaz's General Store.
 10945 | D:10     | Killed an unseen horror
 10945 | D:10     | Reached XP level 11. HP: 43/49 MP: 12/12
 10987 | D:10     | Bought 4 fruits for 90 gold pieces
 10987 | D:10     | Bought a slice of pizza for 22 gold pieces
 11144 | D:10     | Noticed a hill giant
 11165 | D:10     | Killed a hill giant
 11692 | D:11     | Found a staircase to the Lair.
 11945 | D:11     | Noticed a hill giant
 11967 | D:11     | Killed a hill giant
 12356 | D:11     | Noticed Grum
 12447 | D:11     | Killed Grum
 13433 | D:11     | Reached skill level 14 in Stealth
 13580 | D:11     | Noticed a hill giant
 13592 | D:11     | Killed a hill giant
 13752 | D:11     | Reached skill level 10 in Slings
 13938 | D:11     | Reached skill level 10 in Short Blades
 14692 | D:12     | Reached *** piety under Elyvilon
 14879 | D:12     | HP: 1/49 [manticore (5)]
 14880 | D:12     | Slain by a manticore

Action                   |  1- 3 |  4- 6 |  7- 9 | 10-12 || total
-------------------------+-------+-------+-------+-------++-------
Melee: Dagger            |    93 |   263 |   366 |   743 ||  1465
 Fire: Blowgun           |       |     5 |     7 |    31 ||    43
       Hunting sling     |       |       |    18 |     6 ||    24
Throw: Stone             |       |    11 |     2 |    22 ||    35
Invok: Lesser Healing    |       |       |       |     4 ||     4
  Use: Scroll            |     3 |    10 |    11 |     4 ||    28
       Potion            |       |       |       |     2 ||     2
 Stab: Sleeping          |     9 |    22 |    34 |    17 ||    82
       Distracted        |       |     4 |       |     7 ||    11
  Eat: Royal jelly       |       |     1 |       |       ||     1
       Fruit             |       |       |     3 |       ||     3
       Pizza             |       |       |     1 |     5 ||     6
